 Dungeon Crawl Stone Soup version 0.23.2-33-g5129a83184 (webtiles) character file.

Game seed: 10590179443107691505

672 lepoulpe303 the Chopper (level 7, -1/64 HPs)
             Began as a Hill Orc Monk on June 27, 2019.
             Was a Believer of Okawaru.
             Slain by an ogre
             ... wielding a +0 giant club
              (20 damage)
             ... on level 4 of the Dungeon.
             The game lasted 00:14:25 (5458 turns).

lepoulpe303 the Chopper (Hill Orc Monk)             Turns: 5458, Time: 00:14:26

Health: -1/64      AC: 12    Str: 16    XL:     7   Next: 59%
Magic:  5/7        EV: 11    Int: 10    God:    Okawaru [**....]
Gold:   381        SH:  0    Dex: 13    Spells: 6/6 levels left

rFire    . . .     SeeInvis .   a - +1 hand axe
rCold    . . .     Gourm    .   (no shield)
rNeg     . . .     Faith    .   l - +0 chain mail
rPois    .         Spirit   .   o - +0 helmet
rElec    .         Reflect  .   (no cloak)
rCorr    .         Harm     .   (no gloves)
MR       .....                  (no boots)
Stlth    ..........             (no amulet)
HPRegen  0.20/turn              (no ring)
MPRegen  0.10/turn              (no ring)

@: heroism
A: no striking features
a: Heroism, Renounce Religion


You were on level 4 of the Dungeon.
You worshipped Okawaru.
Okawaru was pleased with you.
You were not hungry.

You visited 1 branch of the dungeon, and saw 6 of its levels.
You also visited: Sewer and Ossuary.

You collected 381 gold pieces.

Inventory:

Hand Weapons
 a - a +1 hand axe (weapon)
Missiles
 d - 18 poisoned needles
 E - 3 javelins (quivered)
 Q - 132 stones
Armour
 c - a +0 robe of magic resistance {MR+}
 l - a +0 chain mail (worn)
 o - a +0 helmet (worn)
Jewellery
 m - an uncursed ring of magical power {unknown}
Wands
 u - a wand of paralysis (5)
 x - a wand of enslavement (7)
Scrolls
 f - 3 scrolls of enchant armour {unknown}
 g - 2 scrolls of immolation {unknown}
 h - 3 scrolls of random uselessness
 i - 4 scrolls of identify
 k - a scroll of fear {unknown}
 w - 2 scrolls of remove curse
 y - a scroll of vulnerability {unknown}
 B - a scroll of blinking {!r}
 C - 2 scrolls of teleportation {unknown}
 G - a scroll of fog {unknown}
Potions
 b - 2 potions of might {unknown}
 j - a potion of invisibility {unknown}
 n - 4 potions of heal wounds {unknown}
 p - a potion of agility {unknown}
 q - 4 potions of haste {unknown}
 r - 2 potions of resistance {unknown}
 s - a potion of brilliance {unknown}
 t - 2 potions of ambrosia {unknown}
 z - a potion of mutation {unknown}
 A - a potion of lignification {unknown}
 D - 2 potions of magic {unknown}
 F - 4 potions of curing {unknown}
Comestibles
 e - 5 rations


   Skills:
 * Level 6.7(11.7) Fighting
 * Level 7.2(12.2) Axes
 + Level 3.2(8.2) Armour
 + Level 3.6(8.6) Dodging
 - Level 1.5(6.5) Stealth


You had 6 spell levels left.
You didn't know any spells.
Your spell library contained the following spells:

 Spells                   Type           Power        Failure   Level  Hunger
 Confusing Touch          Hex            #.....       99%         1    ##.....
 Confuse                  Hex            #.......     100%        3    ####...
 Gell's Gravitas          Tloc           #.........   100%        3    ####...
 Petrify                  Tmut/Erth      #.......     100%        4    #####..
 Metabolic Englaciation   Hex/Ice        #.........   100%        5    ######.
 Yara's Violent Unravell  Hex/Tmut       #.........   100%        5    ######.


Dungeon Overview and Level Annotations

Branches:
Dungeon (6/15)             Temple (0/1) D:4

Altars:
Cheibriados
Okawaru
Yredelemnul

Annotations:
D:5 Prince Ribbit
D:6 Sigmund


Message History

You take 14 damage, and have 50/64 hp.
MASSIVE DAMAGE!!
The ogre hits you but does no damage.
You enter the shallow water.
Moving in this stuff is going to be slow.
You slash the ogre!
The ogre hits you with a +0 giant club!!
* * * LOW HITPOINT WARNING * * *
You take 18 damage, and have 34/64 hp.
MASSIVE DAMAGE!!
You gain the combat prowess of a mighty hero.
The ogre hits you with a +0 giant club!
* * * LOW HITPOINT WARNING * * *
You take 15 damage, and have 19/64 hp.
MASSIVE DAMAGE!!
You now have 5/7 mp.
You hit the ogre. You slash the ogre!
The ogre hits you with a +0 giant club!!
You die...

#..###### # ## #........ #.
#.## ##.#####..
##$#####.#.########...####.#
...(...(..................#
# #≈≈≈≈≈##... ....#...######
#.##≈≈≈≈≈##.# ###.##.##
##.≈≈.....≈≈.####...##.#
...≈≈.....≈≈w.O@.......#
#.......≈.≈≈.####...####
##.≈≈.....≈≈.#####..#
#.≈≈≈..≈.≈≈.÷......#
#.##≈≈.≈≈##.#####.## ..
#≈≈.≈≈##.# ###.# .
..........# #...#
.........### #.###
########.# #.#


You could see an ogre and a worm.

Levels and vault maps discovered:
D:1:      minmay_arrival_doors, layout_basic, minmay_small_reverse_x
D:2:      wad_woods_stonehenge, layout_basic, first_ration,
          chequers_serial_rivers_micro_a, cheibriados_altar_1
D:3:      layout_basic, lemuel_doored_altar, kiku_gazebo_garden_becter
D:4:      layout_loops_ring, minmay_temple_entry_hall,
          cheibrodos_sewer_entry_sluice
D:5:      layout_basic, old_standard_altar, nicolae_ossuary_entry_giza,
          chequers_arboretum, uniq_prince_ribbit1
D:6:      layout_cave_pools, uniq_sigmund
Sewer:    sewer_co_cracked_pipes
Ossuary:  ossuary_tomb_3

Notes
Turn   | Place    | Note
-------+----------+-------------------------------------------
     0 | D:1      | lepoulpe303 the Hill Orc Monk began the quest for the Orb.
     0 | D:1      | Reached XP level 1. HP: 19/19 MP: 1/1
    21 | D:1      | Identified a +0 robe of magic resistance (You found it on
                  | level 1 of the Dungeon)
    44 | D:1      | Identified a +0 club
   105 | D:1      | Reached XP level 2. HP: 8/27 MP: 2/2
   250 | D:1      | Identified a +0 dagger
   320 | D:1      | Identified a +0 chain mail (You found it on level 1 of the
                  | Dungeon)
   340 | D:1      | Reached skill level 4 in Fighting
   552 | D:1      | Identified a +0 helmet (You found it on level 1 of the
                  | Dungeon)
   932 | D:2      | Identified a +0 club
   941 | D:2      | Identified a +0 club
   944 | D:2      | Reached skill level 1 in Armour
  1009 | D:2      | Reached XP level 3. HP: 33/33 MP: 3/3
  1019 | D:2      | Found a basalt altar of Yredelemnul.
  1019 | D:2      | Identified a +0 whip
  1019 | D:2      | Identified a +0 club
  1385 | D:2      | Reached XP level 4. HP: 41/41 MP: 4/4
  1412 | D:2      | Found a snail-covered altar of Cheibriados.
  1603 | D:2      | Reached skill level 5 in Axes
  1637 | D:2      | HP: 10/41 [poisoned by an adder]
  1645 | D:2      | HP: 9/41 [poisoned by an adder]
  2079 | D:2      | Identified a +0 dagger
  2432 | D:3      | Reached XP level 5. HP: 18/47 MP: 5/5
  2893 | D:3      | Noticed a hippogriff
  2907 | D:3      | HP: 10/47 [hippogriff (8)]
  2908 | D:3      | Killed a hippogriff
  2908 | D:3      | Reached skill level 5 in Fighting
  2908 | D:3      | Reached skill level 6 in Axes
  2908 | D:3      | Reached skill level 2 in Armour
  2908 | D:3      | Reached skill level 3 in Dodging
  2908 | D:3      | Reached XP level 6. HP: 6/57 MP: 6/6
  3236 | D:3      | You fall through a shaft for 3 floors!
  3236 | D:6      | Identified a +0 scythe
  3236 | D:6      | Identified a +0 robe
  3236 | D:6      | Noticed Sigmund
  3239 | D:6      | Noticed an ice beast
  3263 | D:5      | Entered Level 5 of the Dungeon
  3448 | D:5      | Identified a +0 whip
  3450 | D:5      | Identified a +0 dagger
  3450 | D:5      | Identified a +0 robe
  3452 | D:5      | Identified a +0 flail
  3452 | D:5      | Identified a cursed +0 leather armour
  3462 | D:5      | Identified a +0 hand axe
  3462 | D:5      | Identified a +0 leather armour
  3464 | D:5      | Noticed Prince Ribbit
  3465 | D:5      | Identified a cursed -2 dagger
  3465 | D:5      | Identified a +0 robe
  3476 | D:5      | Identified 3 scrolls of remove curse
  3478 | D:5      | Identified 3 scrolls of random uselessness
  3480 | D:5      | Identified a scroll of blinking
  3649 | D:5      | Found an iron altar of Okawaru.
  3664 | D:5      | Reached skill level 6 in Fighting
  3669 | D:5      | Became a worshipper of Warmaster Okawaru
  3669 | D:5      | Reached * piety under Okawaru
  3669 | D:5      | Reached ** piety under Okawaru
  3675 | D:5      | Identified a scroll of enchant weapon
  3763 | D:5      | Found a sand-covered staircase.
  3773 | Ossuary  | Entered an ossuary
  3824 | Ossuary  | Reached XP level 7. HP: 55/63 MP: 7/7
  4216 | Ossuary  | Reached skill level 3 in Armour
  4340 | Ossuary  | Identified 4 scrolls of identify
  4340 | Ossuary  | Identified a ring of attention (You found it on level 1 of
                  | the Dungeon)
  4343 | Ossuary  | Identified 3 potions of degeneration
  4551 | D:5      | HP: 16/64 [Prince Ribbit (14)]
  4720 | D:4      | Found a staircase to the Ecumenical Temple.
  4720 | D:4      | Identified a +0 leather armour
  4720 | D:4      | Identified a +0 hand axe
  4730 | D:4      | Reached skill level 7 in Axes
  4912 | D:4      | Found a glowing drain.
  4918 | D:4      | Identified a +0 giant club
  4924 | Sewer    | Entered a sewer
  5458 | D:4      | Slain by an ogre

Table legend:
 A = Turns spent in this place as a percentage of turns spent in the entire game.
 B = Non-inter-level travel turns spent in this place as a percentage of non-inter-level travel turns spent in the entire game.
 C = Inter-level travel turns spent in this place as a percentage of turns spent in this place.
 D = Turns resting spent in this place as a percentage of non-inter-level travel turns spent in this place.
 E = Turns spent auto-exploring this place as a percentage of non-inter-level travel turns spent in this place.
 F = Non-inter-level travel turns spent in this place divided by the number of levels of this place that you've seen.
                   A       B       C       D       E      F
               +-------+-------+-------+-------+-------+----------------------
         Total | 100.0 | 100.0 |   2.8 |  30.0 |  43.5 | 663.1
       Dungeon |  79.6 |  79.0 |   3.5 |  29.0 |  44.9 | 698.3
         Sewer |   9.6 |   9.8 |   0.0 |  20.3 |  51.3 | 522.0
       Ossuary |  10.9 |  11.2 |   0.0 |  45.4 |  26.8 | 593.0
               +-------+-------+-------+-------+-------+----------------------

Table legend:
 A = Kills in this place as a percentage of kills in entire the game.
 B = Kills by you in this place as a percentage of kills by you in the entire game.
 C = Kills by friends in this place as a percentage of kills by friends in the entire game.
 D = Other kills in this place as a percentage of other kills in the entire game.
 E = Experience gained in this place as a percentage of experience gained in the entire game.
 F = Experience gained in this place divided by the number of levels of this place that you have seen.
                   A       B       C       D       E      F
               +-------+-------+-------+-------+-------+----------------------
         Total | 100.0 | 100.0 |   N/A | 100.0 | 100.0 | 120.1
       Dungeon |  68.0 |  67.8 |   N/A | 100.0 |  72.9 | 116.8
         Sewer |  18.9 |  19.0 |   N/A |   0.0 |   8.7 |  84.0
       Ossuary |  13.1 |  13.2 |   N/A |   0.0 |  18.3 | 176.0
               +-------+-------+-------+-------+-------+----------------------

Skill      XL: |  1  2  3  4  5  6  7 |
---------------+----------------------+-----
Fighting       | 4 5 6 |  6.7
Armour         | 1 2 3 |  3.2
Axes           | 5 6 7 |  7.2
Dodging        | 3 |  3.6
Stealth        | |  1.5

Action                   |  1- 3 |  4- 6 |  7- 9 || total
-------------------------+-------+-------+-------++-------
Melee: Hand axe          |   102 |   233 |   180 ||   515
Throw: Stone             |    41 |    60 |    21 ||   122
       Javelin           |       |     4 |    32 ||    36
       Tomahawk          |       |     4 |     7 ||    11
Invok: Heroism           |       |       |     1 ||     1
  Use: Scroll            |       |     4 |     2 ||     6
 Stab: Sleeping          |     1 |       |       ||     1
  Eat: Chunk             |     2 |     7 |     3 ||    12
       Ration            |       |       |     1 ||     1
Armor: Robe              |     2 |       |       ||     2
       Chain mail        |    65 |   130 |    70 ||   265
Dodge: Dodged            |    42 |    94 |    46 ||   182

Vanquished Creatures
  A hippogriff (D:3)
  A hound (D:5)
  An orc wizard (D:5)
  A worker ant (D:4)
  A big kobold zombie (Ossuary)
  9 mummies
  2 hound skeletons (D:4)
  2 gnolls (D:2)
  7 adders
  5 river rats (Sewer)
  A shadow imp (D:3)
  2 oozes (D:2)
  An adder zombie (D:5)
  3 worms
  2 dart slugs
  A leopard gecko (D:4)
  6 orcs
  8 bats
  7 giant cockroaches
  4 goblins
  6 hobgoblins
  A jackal (D:2)
  7 quokkas
  6 ball pythons
  A ball python skeleton (D:4)
  11 frilled lizards
  2 hobgoblin zombies
  4 kobold zombies
  A leopard gecko skeleton (D:4)
  3 orc zombies (Ossuary)
  14 rats
121 creatures vanquished.

Vanquished Creatures (others)
  An orc wizard (D:5)
1 creature vanquished.

Grand Total: 122 creatures vanquished
